 Dungeon Crawl Stone Soup version 0.20.1-1-g8b1a95d (webtiles) character file.

360817 homeworkjunkie the Executioner (level 22, -14/217 HPs)
             Began as a Hill Orc Fighter on Nov 19, 2017.
             Was the Champion of Okawaru.
             Killed from afar by a golden dragon (35 damage)
             ... with a bolt of cold
             ... on level 5 of the Vaults.
             The game lasted 01:38:53 (36989 turns).

homeworkjunkie the Executioner (Hill Orc Fighter)  Turns: 36989, Time: 01:38:54

Health: -14/217    AC: 31    Str: 26    XL:     22   Next: 77%
Magic:  0/35       EV: 18    Int:  8    God:    Okawaru [******]
Gold:   4213       SH: 16    Dex: 21    Spells: 21/21 levels left

rFire    . . .     SeeInvis .   T - +8 mithril axe "Arga" {speed, MR+}
rCold    . . .     Gourm    .   z - +0 shield {reflect}
rNeg     . . .     Faith    .   C - +3 plate armour "Umyshell" {rElec Regen+ Slay+3}
rPois    +         Spirit   +   t - +2 hat {MR+}
rElec    +         Reflect  +   V - +2 cloak {rPois}
rCorr    .         Harm     .   p - +2 pair of gloves {Dex+3}
MR       +++..                  s - +0 pair of boots {run}
Stlth    ..........             i - amulet of guardian spirit
Regen    0.9/turn               f - +3 ring of evasion
MPRegen  0.3/turn               x - +3 ring of slaying

@: agile, about to teleport, quick
A: antennae 1, high mp 1, screaming 1, subdued magic 1
}: 1/15 runes: gossamer
a: Heroism, Finesse, Renounce Religion


You were on level 5 of the Vaults.
You worshipped Okawaru.
Okawaru was exalted by your worship.
You were very full.

You visited 8 branches of the dungeon, and saw 37 of its levels.
You also visited: Labyrinth and Bailey.

You collected 4789 gold pieces.
You spent 576 gold pieces at shops.

Inventory:

Hand Weapons
 v - a +1 war axe of flaming
 T - the +8 mithril axe "Arga" (weapon) {speed, MR+}
   (Okawaru gifted it to you on level 2 of the Lair of Beasts)

   Attacks with this weapon are significantly faster.
   It affects your resistance to hostile enchantments.
Missiles
 n - 6 tomahawks of returning (quivered)
 O - an exploding tomahawk
Armour
 p - a +2 pair of gloves of dexterity (worn)
 s - a +0 pair of boots of running (worn)
 t - a +2 hat of magic resistance (worn)
 z - a +0 shield of reflection (worn)
 C - the +3 plate armour "Umyshell" (worn) {rElec Regen+ Slay+3}
   (You found it on level 13 of the Dungeon)

   It affects your accuracy and damage with ranged weapons and melee attacks
   (+3).
   It insulates you from electricity.
   It increases your rate of regeneration.
 L - a +2 pair of boots of flying
 V - a +2 cloak of poison resistance (worn)
 W - a +2 large shield of fire resistance
Jewellery
 f - a +3 ring of evasion (left hand)
 i - an amulet of guardian spirit (around neck)
 x - a +3 ring of slaying (right hand)
 B - an uncursed ring of flight
Wands
 g - a wand of iceblast (7/15)
 h - a wand of disintegration (7/24)
 r - a wand of confusion (15/48)
 u - a wand of paralysis (12/24)
 A - a wand of iceblast (2/15)
 H - a wand of confusion (24/48)
 I - a wand of lightning (1/15)
 N - a wand of confusion (21/48)
 P - a wand of flame (20/48)
 Q - a wand of digging (14/24)
 R - a wand of paralysis (17/24)
 X - a wand of confusion (37/48)
Scrolls
 c - a scroll of immolation
 d - 10 scrolls of teleportation
 e - 3 scrolls of blinking
 q - 9 scrolls of fear
 w - 15 scrolls of remove curse
 y - 2 scrolls of identify
Potions
 j - 6 potions of lignification
 l - 5 potions of cancellation
 o - a potion of ambrosia
 D - a potion of curing
 E - a potion of mutation
 J - a potion of haste
 M - a potion of flight
 S - 3 potions of resistance
 Y - 4 potions of brilliance
 Z - 2 potions of berserk rage
Comestibles
 b - 19 meat rations
 m - 7 royal jellies


   Skills:
 * Level 22.6 Fighting
   Level 3.0 Long Blades
 * Level 26.6 Axes
 + Level 2.2 Throwing
 * Level 16.5 Armour
 + Level 2.8 Dodging
 + Level 3.8 Stealth
 * Level 18.0 Shields
 * Level 13.6 Evocations


You had 21 spell levels left.
You didn't know any spells.

Dungeon Overview and Level Annotations

Branches:
Dungeon (15/15)            Temple (0/1) D:7            Lair (6/6) D:11
 Shoals (1/4) Lair:2       Spider (4/4) Lair:3        Slime (0/5) Lair:5
    Orc (2/2) D:11            Elf (3/3) Orc:2        Vaults (5/5) D:14
  Crypt (1/3) Vaults:2     Depths (0/5) D:15

Altars:
Dithmenos
Elyvilon
Fedhas
Makhleb
Nemelex Xobeh
Okawaru
Qazlal
Ru
Uskayaw
Vehumet
Xom
Zin
The Shining One
Beogh
Jiyva

Shops:
D:4 ?   Orc:1 ?   Orc:2 *([:   Elf:3 %   Shoals:1 (   Vaults:1 !   Vaults:3 :

Annotations:
Vaults:5 Edgeworth's ghost, veteran DDFi


Innate Abilities, Weirdness & Mutations

You have a pair of small antennae on your head.
You have an increased reservoir of magic. (+10% MP)
You occasionally shout uncontrollably at your foes.
Your spells are a little easier to cast, but a little less powerful.


Message History

The hornet completely misses you. The ice dragon completely misses you.
The ice dragon barely misses you. The ice dragon misses you.
The deep elf high priest mumbles some strange prayers to its god against you.
Something smites you!
* * * LOW HITPOINT WARNING * * *
You hit the golden dragon.
The golden dragon is lightly wounded.
You slash the tengu reaver! You miss the hornet. You slash the ice dragon!
The tengu reaver hits you with a bardiche.
* * * LOW HITPOINT WARNING * * *
The tengu reaver pecks you.
* * * LOW HITPOINT WARNING * * *
The tengu reaver claws you but does no damage.
You barely miss the golden dragon.
The golden dragon is lightly wounded.
You hit the ice dragon. You slice the hornet!!
You barely miss the tengu reaver. The hornet closely misses you.
The golden dragon breathes cold at you. The bolt of cold hits you!
You die...

...# # #...# # ##
#..[# # .## #..)## #
..## #..)## ##...##.
#...##
#.#...##|.e###W*.##
#..#...##[...:eQyD##
#...#...##...###@D!##
#.D..#...##. ##...#
#))...# # ##...#
#X†.e..# ##...#
#pD....p# #...#
#........# #...#
#....%....# #....
#Cp.%......# #...
#E..........# #..


You could see a golden dragon, an ice dragon, a tengu reaver, a deep elf high
priest, a freezing wraith, a deep elf mage, a hornet and a battlesphere.

Vanquished Creatures
  Nikola (Spider:3)
  Arachne (Spider:3)
  A tentacled monstrosity (Vaults:3)
  Rupert (D:12)
  2 deep elf blademasters (Elf:3)
  2 sphinxes
  Asterion (Spider:4)
  2 deep elf master archers (Elf:3)
  An ancient champion (Crypt:1)
  Gastronok (D:8)
  The ghost of AdmiralAndromeda the Spry, an adept MfGl of Okawaru (Spider:3)
  A shadow dragon (Vaults:5)
  Donald (Spider:3)
  Kirke (D:15)
  2 frost giants
  5 ghost moths (Spider:4)
  2 orc warlords
  8 vault wardens
  6 emperor scorpions
  5 deep elf elementalists
  Louise (Spider:4)
  8 deep elf sorcerers
  A ghoul (Vaults:2)
  2 stone giants (Vaults:2)
  7 very ugly things
  14 ironheart preservers
  A war gargoyle (Vaults:4)
  2 vampire knights
  Nessos (D:15)
  4 entropy weavers
  7 deep elf demonologists
  6 dire elephants (Lair:6)
  A spark wasp (Spider:4)
  2 deep elf annihilators (Elf:3)
  Azrael (Spider:1)
  2 ettins
  9 deep elf death magi
  Snorg (Lair:6)
  A minotaur (Lab)
  4 fire dragons
  Josephine (D:12)
  Fannar (Lair:3)
  4 yaktaur captains
  A great orb of eyes (Vaults:1)
  2 deep elf high priests (Elf:3)
  Erolcha (D:13)
  35 vault guards
  The ghost of ak87 the Arsonist, a journeyman DgFE (D:11)
  3 rakshasas (Vaults:3)
  The ghost of Pad the Destroyer, a journeyman DrCj of Sif Muna (D:11)
  6 hydras
  2 ice dragons
  Erica (D:8)
  A catoblepas (D:15)
  A merfolk avatar (Shoals:1)
  An anaconda (Lair:6)
  2 centaur warriors
  32 dancing weapons
  The ghost of hilaritas the Basher, a journeyman GrFi of Okawaru (D:10)
  48 two-headed ogres
  2 deep troll shamans
  2 death knights
  3 death yaks (Lair:4)
  3 deep troll earth magi
  A vampire mage (Vaults:2)
  The ghost of amentoraz the Severer, a journeyman GrBe of Trog (Lair:1)
  2 orc high priests (Orc:2)
  15 ogre magi
  23 deep elf knights
  Sonja (D:12)
  The ghost of ucho the Cleaver, a novice MiBe of Trog (Bailey)
  A hell knight (Vaults:2)
  A fire crab (shapeshifter) (Vaults:3)
  8 skeletal warriors
  7 deep trolls
  6 wizards
  15 harpies
  2 unseen horrors
  15 ironbrand convokers
  16 orc knights
  Pikel (D:4)
  A glowing orange brain (Vaults:3)
  8 deep elf archers
  A necromancer (Vaults:1)
  68 deep elf magi
  21 orb spiders
  21 ugly things
  A faun (Shoals:1)
  6 cyclopes
  2 orc sorcerers (Orc:2)
  33 wolf spiders
  A merfolk siren (Shoals:1)
  A salamander (shapeshifter) (Vaults:3)
  13 elephants
  2 manticores
  Psyche (D:12)
  3 black mambas
  3 centaur zombies
  2 naga magi (D:15)
  10 spiny frogs
  12 vault sentinels
  A spiny frog (shapeshifter) (Vaults:1)
  A gargoyle (D:12)
  2 torpor snails
  8 centaur skeletons
  21 yaktaurs
  A redback zombie (D:15)
  2 kobold demonologists (D:12)
  4 rime drakes
  18 demonic crawlers
  6 freezing wraiths
  12 komodo dragons
  2 guardian mummies (Crypt:1)
  15 trolls
  A merfolk (Shoals:1)
  2 polar bears (Lair:6)
  35 jumping spiders
  A polar bear (shapeshifter) (Vaults:3)
  2 trolls (shapeshifter)
  A meliai (shapeshifter) (Vaults:1)
  13 hornets
  8 hippogriffs
  16 blink frogs
  4 slime creatures (Vaults:1)
  9 dream sheep
  A hippogriff (shapeshifter) (Vaults:1)
  A frost giant simulacrum (Vaults:2)
  2 snapping turtles (Shoals:1)
  4 water elementals
  A spriggan (shapeshifter) (Vaults:2)
  6 air elementals
  A yak (shapeshifter) (D:14)
  A shadow (D:15)
  83 redbacks
  6 hogs (D:15)
  34 tarantellas
  A tarantella (shapeshifter) (D:15)
  3 wyverns
  9 wraiths
  7 fire elementals
  5 basilisks
  49 yaks
  8 small abominations
  2 hogs (shapeshifter)
  3 hungry ghosts
  6 vampire mosquitoes
  Grum (D:10)
  A yaktaur simulacrum (Vaults:3)
  A human simulacrum (Vaults:1)
  A soldier ant (shapeshifter) (Vaults:2)
  2 wargs
  2 acid dragons
  11 water moccasins
  2 hell hounds (Spider:1)
  A soldier ant (D:15)
  10 porcupines
  Duvessa (D:6)
  An eye of draining (shapeshifter) (Vaults:1)
  6 ice beasts
  2 hornet zombies
  6 phantoms
  3 sky beasts
  A black bear (D:13)
  4 large abominations (D:10)
  27 ogres
  A black bear (shapeshifter) (Vaults:2)
  49 orc warriors
  17 wolves
  18 boggarts
  A necrophage (D:5)
  5 crocodiles
  6 big kobolds
  8 centaurs
  Blork the orc (D:5)
  8 earth elementals
  25 bullfrogs
  A wyvern skeleton (D:11)
  A wyvern zombie (D:12)
  An ogre simulacrum (Vaults:1)
  A gnoll sergeant (D:8)
  A water moccasin zombie (D:7)
  A scorpion (D:11)
  Dowan (D:6)
  9 killer bees
  3 wights (D:7)
  2 howler monkeys
  11 crimson imps
  A bullfrog zombie (D:5)
  4 human zombies (Crypt:1)
  17 orc priests
  2 jellies (D:7)
  33 orc wizards
  3 bullfrog skeletons
  14 hounds
  3 iguanas
  3 human skeletons (Crypt:1)
  13 worker ants
  A mummy (Crypt:1)
  9 gnolls
  A howler monkey skeleton (D:5)
  7 adders
  9 river rats (D:7)
  3 shadow imps
  A worm (D:3)
  2 dart slugs (D:1)
  9 leopard geckos
  101 orcs
  8 giant cockroaches
  15 goblins
  8 hobgoblins
  8 jackals
  25 kobolds
  3 quokkas
  A ball python (D:1)
  A ball python skeleton (D:4)
  8 bats
  A frilled lizard (D:3)
  A jackal skeleton (D:6)
  2 leopard gecko skeletons
  A quokka zombie (D:9)
  13 rats
  A bush (Lair:6)
  A butterfly (Lair:1)
  2 fungi
  6 plants
1614 creatures vanquished.

Vanquished Creatures (others)
  A yaktaur captain (Vaults:5)
  2 deep elf magi (Elf:1)
  A cyclops (Vaults:2)
  A vault sentinel (Vaults:3)
  4 yaktaurs
  A jumping spider (Spider:3)
  A yak (D:11)
  A slave (D:4)
  An orc priest (Vaults:4)
  A worker ant (D:4)
  A gnoll (D:4)
  An orc (Orc:2)
  A quokka (D:4)
  A leopard gecko skeleton (D:4)
  6 fungi
  3 plants
27 creatures vanquished.

Grand Total: 1641 creatures vanquished

Notes
Turn   | Place    | Note
-------+----------+-------------------------------------------
     0 | D:1      | homeworkjunkie the Hill Orc Fighter began the quest for the Orb.
     0 | D:1      | Reached XP level 1. HP: 19/19 MP: 1/1
    84 | D:1      | Reached XP level 2. HP: 26/27 MP: 2/2
   146 | D:1      | Gained mutation: You are partially covered in icy blue scales. (AC +2) [potion of mutation]
   146 | D:1      | Gained mutation: You are weak. (Str -2) [potion of mutation]
   146 | D:1      | Gained mutation: You have a pair of small antennae on your head. [potion of mutation]
   146 | D:1      | Gained mutation: You are robust. (+10% HP) [potion of mutation]
   172 | D:1      | Reached skill level 3 in Axes
   203 | D:2      | Reached XP level 3. HP: 28/36 MP: 3/3
   452 | D:2      | Reached XP level 4. HP: 37/44 MP: 4/4
   455 | D:2      | Reached skill level 4 in Axes
   583 | D:3      | Found an iron altar of Okawaru.
   589 | D:3      | Became a worshipper of Warmaster Okawaru
   819 | D:3      | Lost mutation: You have a pair of small antennae on your head. [potion of mutation]
   819 | D:3      | Lost mutation: You are robust. (+10% HP) [potion of mutation]
   819 | D:3      | Lost mutation: You are weak. (Str -2) [potion of mutation]
   819 | D:3      | Lost mutation: You are partially covered in icy blue scales. (AC +2) [potion of mutation]
   819 | D:3      | Gained mutation: You have a pair of small antennae on your head. [potion of mutation]
   819 | D:3      | Gained mutation: You have large cloven feet. [potion of mutation]
   819 | D:3      | Gained mutation: You occasionally shout uncontrollably at your foes. [potion of mutation]
   819 | D:3      | Gained mutation: Your system is resistant to poisons. (rPois) [potion of mutation]
   927 | D:3      | Reached XP level 5. HP: 41/46 MP: 5/5
  1108 | D:4      | Noticed a dagger
  1109 | D:4      | Noticed a dagger
  1111 | D:4      | Noticed a slave
  1111 | D:4      | Noticed a slave
  1112 | D:4      | Noticed Pikel
  1122 | D:4      | Noticed a slave
  1153 | D:4      | Killed Pikel
  1153 | D:4      | Reached * piety under Okawaru
  1153 | D:4      | Reached ** piety under Okawaru
  1153 | D:4      | Reached skill level 5 in Fighting
  1153 | D:4      | Reached skill level 6 in Axes
  1153 | D:4      | Reached skill level 5 in Shields
  1153 | D:4      | Reached skill level 1 in Evocations
  1153 | D:4      | Reached XP level 6. HP: 23/56 MP: 6/6
  1153 | D:4      | Reached XP level 7. HP: 25/61 MP: 7/7
  1409 | D:4      | Found a hide-covered altar of Uskayaw.
  1417 | D:4      | Reached skill level 7 in Axes
  1417 | D:4      | Reached skill level 5 in Armour
  1447 | D:5      | Entered Level 5 of the Dungeon
  1506 | D:5      | Reached XP level 8. HP: 63/68 MP: 9/9
  1725 | D:5      | Noticed Blork the orc
  1725 | D:5      | Reached skill level 8 in Axes
  1732 | D:5      | Killed Blork the orc
  1753 | D:6      | Reached *** piety under Okawaru
  1871 | D:5      | Reached skill level 1 in Dodging
  1918 | D:5      | Reached skill level 9 in Axes
  1940 | D:6      | Found a glowing silver altar of Zin.
  1940 | D:6      | Found a stormy altar of Qazlal.
  2240 | D:6      | Found an iron altar of Okawaru.
  2265 | D:6      | Reached XP level 9. HP: 35/78 MP: 10/10
  2588 | D:5      | Reached **** piety under Okawaru
  2588 | D:5      | Reached skill level 10 in Axes
  2794 | D:4      | Found a glowing golden altar of the Shining One.
  2794 | D:4      | Found a shimmering altar of Xom.
  3009 | D:4      | Found Dygaw's Magic Scroll Emporium.
  3015 | D:4      | Bought a scroll of identify for 24 gold pieces
  3015 | D:4      | Bought a scroll of enchant weapon for 90 gold pieces
  3417 | D:2      | Found a burning altar of Makhleb.
  4617 | D:7      | Got an ancient ring mail
  4635 | D:7      | Reached skill level 11 in Axes
  4636 | D:7      | Found a sparkling altar of Nemelex Xobeh.
  4717 | D:7      | Reached ***** piety under Okawaru
  4922 | D:7      | Found a staircase to the Ecumenical Temple.
  5038 | D:7      | You fall through a shaft for 3 floors!
  5038 | D:10     | Entered Level 10 of the Dungeon
  5050 | D:10     | Reached XP level 10. HP: 83/86 MP: 12/12
  5068 | D:10     | Reached skill level 12 in Axes
  5180 | D:8      | Found a glowing golden altar of the Shining One.
  5187 | D:8      | Noticed Erica
  5216 | D:8      | Killed Erica
  5426 | D:8      | Noticed Gastronok
  5440 | D:8      | Killed Gastronok
  5440 | D:8      | Received a gift from Okawaru
  5440 | D:8      | Reached ****** piety under Okawaru
  5440 | D:8      | Reached skill level 13 in Axes
  5449 | D:8      | Identified a +0 pair of boots of running (Okawaru gifted it to you on level 8 of the Dungeon)
  5505 | D:8      | Reached XP level 11. HP: 91/95 MP: 14/14
  5581 | D:8      | Noticed a two-headed ogre
  5593 | D:8      | Killed a two-headed ogre
  5603 | D:8      | Found a flagged portal.
  5610 | Bailey   | Entered a bailey
  5622 | Bailey   | Noticed ucho's ghost (novice MiBe)
  5622 | Bailey   | Lost mutation: You occasionally shout uncontrollably at your foes. [potion of mutation]
  5622 | Bailey   | Lost mutation: Your system is resistant to poisons. (rPois) [potion of mutation]
  5622 | Bailey   | Lost mutation: You have large cloven feet. [potion of mutation]
  5622 | Bailey   | Lost mutation: You have a pair of small antennae on your head. [potion of mutation]
  5622 | Bailey   | Gained mutation: You occasionally shout uncontrollably at your foes. [potion of mutation]
  5622 | Bailey   | Gained mutation: Your magical capacity is low. (-10% MP) [potion of mutation]
  5622 | Bailey   | Gained mutation: You have sharp toenails. [potion of mutation]
  5622 | Bailey   | Gained mutation: You are partially covered in molten scales. (AC +2) [potion of mutation]
  5641 | Bailey   | Killed ucho's ghost
  6021 | Bailey   | Found a bloodstained altar of Trog.
  6314 | D:7      | Identified the cursed +0 ring mail of Tiuxepni {Str+9} (You found it on level 7 of the Dungeon)
  6354 | D:7      | Found a sacrificial altar of Ru.
  6528 | D:6      | Reached skill level 14 in Axes
  6642 | D:6      | Found a white marble altar of Elyvilon.
  6721 | D:6      | Noticed Dowan
  6726 | D:6      | Killed Dowan
  6728 | D:6      | Noticed Duvessa
  6737 | D:6      | Killed Duvessa
  6950 | D:8      | Found a stormy altar of Qazlal.
  7135 | D:10     | Noticed Grum
  7135 | D:10     | Noticed hilaritas's ghost (journeyman GrFi)
  7141 | D:9      | Received a gift from Okawaru
  7250 | D:9      | Reached skill level 1 in Stealth
  7256 | D:9      | Reached skill level 5 in Evocations
  7286 | D:9      | Noticed a two-headed hydra
  7293 | D:9      | Killed a one-headed hydra
  7523 | D:9      | Reached skill level 10 in Fighting
  7792 | D:9      | Reached skill level 1 in Long Blades
  8086 | D:10     | Noticed a two-headed ogre
  8091 | D:10     | Noticed a two-headed ogre
  8095 | D:10     | Killed a two-headed ogre
  8095 | D:10     | Reached skill level 15 in Axes
  8095 | D:10     | Reached XP level 12. HP: 62/106 MP: 14/14
  8105 | D:10     | Killed a two-headed ogre
  8105 | D:10     | Received a gift from Okawaru
  8593 | D:10     | Killed Grum
  8623 | D:10     | Reached skill level 1 in Throwing
  8654 | D:11     | Found a staircase to the Orcish Mines.
  9431 | D:10     | Got a heavily runed plate armour
  9442 | D:10     | Identified the +3 plate armour of Objectivity {rF+ Regen+} (You found it on level 10 of the Dungeon)
  9536 | D:10     | Killed hilaritas's ghost
  9577 | D:11     | Noticed Pad's ghost (journeyman DrCj)
  9618 | D:11     | Noticed ak87's ghost (journeyman DgFE)
  9620 | D:11     | Found a staircase to the Lair.
  9626 | D:11     | Reached skill level 16 in Axes
  9663 | D:11     | Killed ak87's ghost
  9913 | D:10     | Received a gift from Okawaru
 10052 | D:11     | Reached XP level 13. HP: 110/116 MP: 5/16
 10271 | D:12     | Noticed Psyche
 10272 | D:12     | Noticed Rupert
 10496 | D:11     | Found a blossoming altar of Fedhas.
 10582 | D:11     | Reached skill level 10 in Shields
 10635 | Lair:1   | Entered Level 1 of the Lair of Beasts
 11000 | Lair:1   | Reached skill level 10 in Armour
 11052 | Lair:1   | Noticed amentoraz's ghost (journeyman GrBe)
 11068 | Lair:1   | Killed amentoraz's ghost
 11456 | Lair:1   | Noticed an ice dragon
 11477 | Lair:1   | Killed an ice dragon
 11684 | Lair:3   | Found a labyrinth entrance.
 11697 | Lab      | Entered a labyrinth
 12220 | Lab      | Noticed a minotaur
 12236 | Lab      | Killed a minotaur
 12343 | Lair:3   | Reached skill level 17 in Axes
 12764 | Lair:2   | Found a staircase to the Shoals.
 12817 | Lair:3   | Noticed Fannar
 13245 | Lair:2   | Received a gift from Okawaru
 13373 | Lair:3   | Killed Fannar
 13390 | Lair:3   | Found a hole to the Spider Nest.
 13764 | Lair:4   | Reached XP level 14. HP: 102/126 MP: 17/17
 13945 | Lair:4   | Got a spiked scale mail
 13991 | Lair:4   | Identified the cursed +1 scale mail of a bailey {rCorr Dex+7} (You found it on level 4 of the Lair of Beasts)
 14196 | Lair:5   | Received a gift from Okawaru
 14345 | Lair:4   | Reached skill level 18 in Axes
 14710 | Lair:6   | Entered Level 6 of the Lair of Beasts
 14837 | Lair:6   | Noticed Snorg
 14852 | Lair:6   | Killed Snorg
 15128 | Lair:5   | Lost mutation: Your magical capacity is low. (-10% MP) [potion of mutation]
 15128 | Lair:5   | Lost mutation: You are partially covered in molten scales. (AC +2) [potion of mutation]
 15128 | Lair:5   | Lost mutation: You occasionally shout uncontrollably at your foes. [potion of mutation]
 15128 | Lair:5   | Lost mutation: You have sharp toenails. [potion of mutation]
 15128 | Lair:5   | Gained mutation: Your spells are a little harder to cast, but a little more powerful. [potion of mutation]
 15128 | Lair:5   | Gained mutation: Your body sometimes deteriorates upon taking damage. [potion of mutation]
 15128 | Lair:5   | Gained mutation: You have large cloven feet. [potion of mutation]
 15129 | Lair:5   | Lost mutation: Your body sometimes deteriorates upon taking damage. [potion of mutation]
 15129 | Lair:5   | Lost mutation: You have large cloven feet. [potion of mutation]
 15129 | Lair:5   | Lost mutation: Your spells are a little harder to cast, but a little more powerful. [potion of mutation]
 15129 | Lair:5   | Gained mutation: You are robust. (+10% HP) [potion of mutation]
 15129 | Lair:5   | Gained mutation: You have a pair of small horns on your head. [potion of mutation]
 15413 | Lair:5   | Found a viscous altar of Jiyva.
 15413 | Lair:5   | Found a staircase to the Slime Pits.
 16123 | Lair:6   | Noticed a dire elephant
 16123 | Lair:6   | Noticed a dire elephant
 16142 | Lair:6   | Killed a dire elephant
 16144 | Lair:6   | Killed a dire elephant
 16237 | Lair:6   | Noticed a dire elephant
 16258 | Lair:6   | Killed a dire elephant
 16258 | Lair:6   | Received a gift from Okawaru
 16320 | Lair:6   | Noticed a dire elephant
 16327 | Lair:6   | Killed a dire elephant
 16364 | Lair:6   | Noticed a dire elephant
 16377 | Lair:6   | Killed a dire elephant
 16523 | Lair:6   | Noticed a dire elephant
 16537 | Lair:6   | Killed a dire elephant
 16537 | Lair:6   | Reached XP level 15. HP: 117/149 MP: 21/21
 16647 | Orc:1    | Entered Level 1 of the Orcish Mines
 16683 | Orc:1    | Found a roughly hewn altar of Beogh.
 16718 | Orc:1    | Found Koxue's Magic Scroll Emporium.
 16723 | Orc:2    | Entered Level 2 of the Orcish Mines
 16723 | Orc:2    | Found a roughly hewn altar of Beogh.
 16748 | Orc:1    | Bought a scroll of blinking for 112 gold pieces
 16748 | Orc:1    | Bought a scroll of enchant armour for 112 gold pieces
 17158 | Orc:2    | Noticed an orc warlord
 17230 | Orc:1    | Killed an orc warlord
 17325 | Orc:2    | Found a roughly hewn altar of Beogh.
 17424 | Orc:2    | Found Ustrouc's Book Shop.
 17441 | Orc:2    | Found Giggafor's Antique Armour Shop.
 17460 | Orc:2    | Found Beubrock's General Store.
 17573 | Orc:2    | Found Suoror's Antique Weapon Shop.
 17754 | Orc:2    | Found a staircase to the Elven Halls.
 17866 | Orc:2    | Found a roughly hewn altar of Beogh.
 17884 | Orc:2    | Received a gift from Okawaru
 17884 | Orc:2    | Reached skill level 19 in Axes
 18307 | Shoals:1 | Entered Level 1 of the Shoals
 18307 | Shoals:1 | Found Tamoe's Weapon Boutique.
 18558 | D:11     | Killed Pad's ghost
 18574 | D:12     | You fall through a shaft for 2 floors!
 18736 | D:15     | Entered Level 15 of the Dungeon
 18826 | D:14     | Found a gate to the Vaults.
 18865 | D:14     | Received a gift from Okawaru
 19188 | D:12     | Killed Psyche
 19271 | D:12     | Noticed Josephine
 19274 | D:12     | Killed Josephine
 19370 | D:13     | Noticed Erolcha
 19378 | D:13     | Killed Erolcha
 19378 | D:13     | Received a gift from Okawaru
 19452 | D:12     | Killed Rupert
 19452 | D:12     | Reached XP level 16. HP: 155/161 MP: 23/23
 19534 | D:12     | Noticed Sonja
 19758 | D:12     | Killed Sonja
 19758 | D:12     | Reached skill level 15 in Fighting
 19977 | D:13     | Got a transparent plate armour
 19988 | D:13     | Identified the +3 plate armour "Umyshell" {rElec Regen+ Slay+3} (You found it on level 13 of the Dungeon)
 20075 | D:13     | Found a radiant altar of Vehumet.
 20102 | D:13     | Found a shadowy altar of Dithmenos.
 20485 | D:15     | Noticed Nessos
 20778 | D:15     | Killed Nessos
 20874 | D:15     | Noticed Kirke
 20893 | D:15     | Killed Kirke
 20893 | D:15     | Reached skill level 20 in Axes
 21188 | D:15     | Received a gift from Okawaru
 21203 | D:15     | Noticed a sphinx
 21213 | D:15     | Killed a sphinx
 21345 | D:15     | Found a staircase to the Depths.
 21531 | D:15     | Received a gift from Okawaru
 21531 | D:15     | Reached skill level 10 in Evocations
 21686 | D:15     | Received a gift from Okawaru
 21707 | D:15     | Got a heavily runed scarf {god gift}
 21718 | D:15     | Identified the scarf "Xahueh" {rCorr Stlth+} (Okawaru gifted it to you on level 15 of the Dungeon)
 21797 | D:15     | Reached XP level 17. HP: 77/173 MP: 10/24
 22237 | Spider:1 | Entered Level 1 of the Spider Nest
 22273 | Spider:1 | Noticed Azrael
 22278 | Spider:1 | Killed Azrael
 22928 | Spider:1 | Received a gift from Okawaru
 23357 | Spider:3 | Noticed Donald
 23368 | Spider:3 | Killed Donald
 23370 | Spider:3 | Reached skill level 21 in Axes
 23379 | Spider:3 | Noticed AdmiralAndromeda's ghost (adept MfGl)
 23394 | Spider:3 | Killed AdmiralAndromeda's ghost
 23602 | Spider:2 | Received a gift from Okawaru
 23611 | Spider:2 | Got a smoking broad axe {god gift}
 23726 | Spider:2 | Identified the +4 broad axe "Worm's Wrath" {distort, +Fly rPois MR+ Dex-5} (Okawaru gifted it to you on level 2 of the Spider Nest)
 23814 | Spider:2 | Found a roughly hewn altar of Beogh.
 24461 | Spider:3 | Noticed Nikola
 24469 | Spider:3 | Noticed Arachne
 24484 | Spider:3 | Killed Arachne
 24484 | Spider:3 | Reached XP level 18. HP: 144/187 MP: 22/26
 24493 | Spider:3 | Killed Nikola
 24602 | Spider:4 | Entered Level 4 of the Spider Nest
 25259 | Spider:4 | Reached skill level 15 in Shields
 25268 | Spider:4 | Noticed Asterion
 25280 | Spider:4 | Killed Asterion
 25280 | Spider:4 | Received a gift from Okawaru
 25820 | Spider:4 | Noticed Louise
 25833 | Spider:4 | Killed Louise
 26451 | Spider:4 | Received a gift from Okawaru
 26505 | Spider:4 | Got a gossamer rune of Zot
 27133 | Elf:1    | Entered Level 1 of the Elven Halls
 27149 | Elf:1    | Reached skill level 22 in Axes
 27516 | Elf:1    | Reached XP level 19. HP: 187/198 MP: 24/27
 27716 | Elf:1    | Received a gift from Okawaru
 27866 | Elf:1    | Lost mutation: You are robust. (+10% HP) [potion of mutation]
 27866 | Elf:1    | Lost mutation: You have a pair of small horns on your head. [potion of mutation]
 27866 | Elf:1    | Gained mutation: You have a pair of small antennae on your head. [potion of mutation]
 27866 | Elf:1    | Gained mutation: You are somewhat resistant to further mutation. [potion of mutation]
 27866 | Elf:1    | Gained mutation: Your spells are a little harder to cast, but a little more powerful. [potion of mutation]
 28248 | Elf:3    | Entered Level 3 of the Elven Halls
 28398 | Elf:3    | Received a gift from Okawaru
 28734 | Elf:3    | Found Hoapraxt's Food Shop.
 29275 | Elf:2    | Lost mutation: You are somewhat resistant to further mutation. [potion of mutation]
 29275 | Elf:2    | Lost mutation: Your spells are a little harder to cast, but a little more powerful. [potion of mutation]
 29275 | Elf:2    | Gained mutation: Your spells are a little easier to cast, but a little less powerful. [potion of mutation]
 29275 | Elf:2    | Gained mutation: You occasionally shout uncontrollably at your foes. [potion of mutation]
 29275 | Elf:2    | Gained mutation: You have an increased reservoir of magic. (+10% MP) [potion of mutation]
 29358 | Elf:2    | Found a runed gate.
 29358 | Elf:2    | Found a runed gate.
 29358 | Elf:2    | Found a runed gate.
 29397 | Elf:2    | Reached skill level 15 in Armour
 30173 | Elf:3    | Noticed a Brimstone Fiend
 30179 | Elf:3    | HP: 9/183 [???[a deep elf demonologist] (4)]
 30179 | Elf:3    | HP: 2/183 [Brimstone Fiend[a deep elf demonologist] (7)]
 30186 | Elf:3    | HP: 9/183 [sixfirhy[a deep elf demonologist] (3)]
 30611 | Elf:3    | Received a gift from Okawaru
 30843 | Elf:3    | Reached XP level 20. HP: 163/191 MP: 26/31
 30897 | Elf:3    | Noticed a Tzitzimitl
 30909 | Elf:3    | Reached skill level 23 in Axes
 31348 | Elf:3    | Received a gift from Okawaru
 31604 | Vaults:1 | Entered Level 1 of the Vaults
 31645 | Vaults:1 | Found a shimmering altar of Xom.
 31825 | Vaults:1 | Received a gift from Okawaru
 32299 | Vaults:1 | Reached skill level 24 in Axes
 32393 | Vaults:1 | Found Ykkuucoa's Distillery.
 32421 | Vaults:1 | Received a gift from Okawaru
 32427 | Vaults:1 | Bought a potion of agility for 68 gold pieces
 32427 | Vaults:1 | Bought a potion of heal wounds for 85 gold pieces
 32427 | Vaults:1 | Bought a potion of heal wounds for 85 gold pieces
 32489 | Vaults:1 | Identified Ciuba's Disquisition on Sinister Rites and Protection
 32835 | Vaults:1 | Received a gift from Okawaru
 33108 | Vaults:2 | Identified a scroll of acquirement
 33392 | Vaults:2 | Reached XP level 21. HP: 140/202 MP: 23/33
 33493 | Vaults:2 | Found a staircase to the Crypt.
 33706 | Crypt:1  | Entered Level 1 of the Crypt
 33931 | Vaults:3 | Reached skill level 25 in Axes
 33984 | Vaults:2 | Received a gift from Okawaru
 34679 | Vaults:2 | Received a gift from Okawaru
 35563 | Vaults:3 | Found Edixuen's Book Shoppe.
 35626 | Vaults:3 | Reached skill level 26 in Axes
 35628 | Vaults:3 | Reached XP level 22. HP: 148/214 MP: 26/35
 36441 | Vaults:4 | Received a gift from Okawaru
 36844 | Vaults:5 | Entered Level 5 of the Vaults
 36870 | Vaults:5 | Received a gift from Okawaru
 36873 | Vaults:5 | Noticed Edgeworth's ghost (veteran DDFi)
 36954 | Vaults:5 | Noticed a golden dragon
 36976 | Vaults:5 | Noticed a golden dragon
 36989 | Vaults:5 | Killed from afar by a golden dragon

Skill      XL: |  1  2  3  4  5  6  7  8  9 10 11 12 13 14 15 16 17 18 19 20 21 22 |
---------------+-------------------------------------------------------------------+-----
Axes           | 3 4 6 7 9 11 13 15 16 17 18 19 20 21 22 24 26 | 26.6
Fighting       | 4 5 6 7 8 10 11 12 13 14 16 17 18 19 20 21 22 | 22.6
Shields        | 4 5 6 8 9 11 12 13 14 15 16 17 18 | 18.0
Armour         | 4 5 6 7 8 9 10 11 12 13 14 15 16 | 16.5
Evocations     | 1 2 3 4 5 6 7 8 9 10 11 12 13 | 13.6
Dodging        | 1 2 |  2.8
Stealth        | 1 2 3 |  3.8
Long Blades    | 1 2 3 |  3.0
Throwing       | 1 2 |  2.2

Action                   |  1- 3 |  4- 6 |  7- 9 | 10-12 | 13-15 | 16-18 | 19-21 | 22-24 || total
-------------------------+-------+-------+-------+-------+-------+-------+-------+-------++-------
Melee: War axe           |    80 |    84 |   382 |   707 |   359 |       |   242 |       ||  1854
       Kick              |       |     5 |    90 |    31 |       |       |       |       ||   126
       Scimitar          |       |       |       |     9 |    23 |    12 |       |       ||    44
       Broad axe         |       |       |       |       |   911 |  1054 |  1030 |   255 ||  3250
       Headbutt          |       |       |       |       |   158 |   259 |    11 |       ||   428
Throw: Tomahawk          |       |       |       |    32 |    12 |     4 |    14 |       ||    62
Invok: Finesse           |       |       |       |       |     1 |       |       |       ||     1
 Abil: Evoke Invisibilit |       |       |       |     3 |     6 |       |       |       ||     9
Evoke: Wand              |       |       |     3 |     9 |    14 |    10 |    15 |    13 ||    64
  Use: Potion            |     3 |     1 |     1 |     5 |     3 |     7 |    12 |    12 ||    44
       Scroll            |     1 |     3 |    11 |    10 |    23 |    17 |    13 |     8 ||    86
 Stab: Confused          |       |       |       |     2 |       |       |       |       ||     2
       Invisible         |       |       |       |    15 |    23 |       |       |     1 ||    39
       Paralysed         |       |       |       |       |       |     2 |     1 |       ||     3
       Held in net/web   |       |       |       |       |       |     1 |       |       ||     1
       Distracted        |       |       |       |       |       |     1 |       |       ||     1
  Eat: Royal jelly       |       |     1 |     3 |     2 |     2 |     2 |     3 |     1 ||    14
       Bread ration      |       |     1 |       |     3 |       |     3 |     4 |       ||    11
       Fruit             |       |       |     2 |    13 |    33 |    10 |     3 |     4 ||    65
       Meat ration       |       |       |     1 |       |       |       |       |       ||     1
Armor: Scale mail        |    32 |       |       |       |       |       |       |       ||    32
       Chain mail        |    29 |    53 |   123 |    85 |       |       |       |       ||   290
       Ring mail         |       |       |       |    65 |       |       |       |       ||    65
       Plate armour      |       |       |       |    60 |   389 |   395 |   331 |    96 ||  1271
Dodge: Dodged            |    20 |    17 |   111 |   222 |   317 |   258 |   262 |    62 ||  1269
Block: Shield            |    51 |    43 |   192 |   353 |   525 |   499 |   525 |   128 ||  2316
       Reflection        |       |       |       |       |       |     5 |    64 |    11 ||    80
       Rpst.: Scimitar   |       |       |       |     3 |     5 |     1 |       |       ||     9
